 Dungeon Crawl Stone Soup version 0.30-a0-605-gb2882149bf (webtiles) character file.

Game seed: 742609733197833169

114314 themarg the Grappler (level 16, -4/152 HPs)
             Began as a Gnoll Transmuter on Jan 7, 2023.
             Was the Champion of Nemelex Xobeh.
             Slain by a naga warrior
             ... wielding a +0 battleaxe
              (16 damage)
             ... on level 1 of the Snake Pit.
             The game lasted 01:44:05 (31963 turns).

themarg the Grappler (Gnoll Transmuter)            Turns: 31963, Time: 01:44:06

Health: -4/152     AC: 10    Str: 19    XL:     16   Next: 65%
Magic:  22/32      EV: 11    Int: 18    God:    Nemelex Xobeh [******]
Gold:   1076       SH:  0    Dex: 12    Spells: 7/39 levels left

rFire   x . .      SeeInvis .      - Unarmed
rCold   + + +      Faith    +    (shield currently unavailable)
rNeg    . . .      Spirit   .    (body armour currently unavailable)
rPois   +          Reflect  .    (helmet currently unavailable)
rElec   .          Harm     .    (cloak currently unavailable)
rCorr   +          Rampage  .    (gloves currently unavailable)
Will    +....                    (boots currently unavailable)
Stlth   ++++++                   Y - amulet of Cheibriados's Envy {Faith rCorr Stlth+}
HPRegen 0.45/turn                m - ring of wizardry
MPRegen 0.23/turn                s - +6 ring of strength

@: ice-form, constricted
A: freezing attack, amphibious, boosted hp, large, (fangs 1), strong nose,
distributed training
a: End Transformation, Renounce Religion, Draw Escape, Draw Destruction, Draw
Summoning, Triple Draw, Deal Four, Stack Five


You were on level 1 of the Snake Pit.
You worshipped Nemelex Xobeh.
Nemelex Xobeh was exalted by your worship.
You were a creature of crystalline ice.
You visited 5 branches of the dungeon, and saw 24 of its levels.

You collected 3199 gold pieces.
You spent 2123 gold pieces at shops.

Inventory:

Hand Weapons
 P - the +8 broad axe of Ysug (melded) {elec, Stlth+}
   (You found it on level 8 of the Dungeon)

   Stlth:     It makes you more stealthy.
Missiles
 c - 14 boomerangs
 d - 8 curare-tipped darts
 i - 33 poisoned darts (quivered)
 A - 3 boomerangs of dispersal
 K - 11 javelins
Armour
 v - a +2 pair of boots (melded)
 E - a +0 troll leather armour (melded)
 G - a +2 pair of gloves (melded)
 Q - a +1 helmet of see invisible (melded)
 X - a +2 cloak of poison resistance (melded)
Jewellery
 m - a ring of wizardry (left front paw)
 s - a +6 ring of strength (right front paw)
 M - a +6 ring of intelligence
 O - a ring of willpower
 Y - the amulet of Cheibriados's Envy (around neck) {Faith rCorr Stlth+}
   (You bought it in a shop on level 2 of the Orcish Mines)

   [amulet of faith]

   It allows you to gain divine favour quickly.
   rCorr:     It protects you from acid and corrosion.
   Stlth:     It makes you more stealthy.
Wands
 h - a wand of quicksilver (4)
 u - a wand of paralysis (8)
 z - a wand of iceblast (36)
 B - a wand of mindburst (7)
 D - a wand of polymorph (7)
 I - a wand of flame (29)
 W - a wand of digging (8)
Scrolls
 b - 3 scrolls of fear
 f - 5 scrolls of immolation
 j - 3 scrolls of poison
 k - 2 scrolls of vulnerability
 n - 6 scrolls of magic mapping
 p - 12 scrolls of teleportation
 t - a scroll of identify
 y - a scroll of silence
 C - a scroll of fog
 F - a scroll of brand weapon
 H - 4 scrolls of blinking
 L - 2 scrolls of amnesia
 S - a scroll of butterflies
 U - 5 scrolls of enchant weapon
Potions
 a - 6 potions of attraction
 e - 7 potions of mutation
 g - 14 potions of curing
 l - 5 potions of brilliance
 o - 6 potions of ambrosia
 q - 6 potions of heal wounds
 r - 7 potions of might
 w - 7 potions of haste
 x - 4 potions of cancellation
 J - 2 potions of lignification
 N - 4 potions of invisibility
 R - 3 potions of flight
 T - 4 potions of magic
Miscellaneous
 V - a phial of floods
 Z - a phantom mirror


   Skills:
 + Level 11.7 Fighting
 + Level 11.4 Short Blades
 + Level 11.4 Long Blades
 + Level 11.4 Axes
 + Level 11.4 Maces & Flails
 + Level 11.4 Polearms
 + Level 11.4 Staves
 + Level 11.4 Ranged Weapons
 + Level 11.4 Throwing
 + Level 11.4 Armour
 + Level 12.3 Dodging
 + Level 11.4 Stealth
 + Level 11.4 Shields
 + Level 13.1 Unarmed Combat
 + Level 12.4 Spellcasting
 + Level 9.6 Conjurations
 + Level 9.6 Hexes
 + Level 9.6 Summonings
 + Level 9.6 Necromancy
 + Level 9.6 Translocations
 + Level 10.4 Transmutations
 + Level 9.6 Fire Magic
 + Level 9.6 Ice Magic
 + Level 9.6 Air Magic
 + Level 9.6 Earth Magic
 + Level 9.6 Poison Magic
 + Level 12.4 Invocations
 + Level 11.4 Evocations


You had 7 spell levels left.
You knew the following spells:

 Your Spells              Type           Power      Damage    Failure   Level
a - Beastly Appendage     Tmut           96%        N/A       1%          1
b - Wereblood             Tmut           48%        N/A       1%          2
c - Yara's Violent Unrav  Hex/Tmut       23%        3d10      1%          5
d - Ice Form              Ice/Tmut       47%        N/A       1%          4
e - Mephitic Cloud        Conj/Pois/Air  46%        N/A       1%          3
f - Summon Forest         Summ/Tloc      23%        N/A       1%          5
g - Summon Cactus Giant   Summ           23%        N/A       8%          6
h - Iron Shot             Conj/Erth      23%        9d5       8%          6

Your spell library contained the following spells:

 Spells                   Type           Power      Damage    Failure   Level
 Freeze                   Ice            100%       1d10      1%          1
 Necrotise                Necr           100%       1d9       1%          1
 Sandblast                Erth           92%        2d19      1%          1
 Blink                    Tloc           92%        N/A       1%          2
 Cigotuvi's Dreadful Rot  Necr/Pois/Air  92%        N/A       1%          2
 Momentum Strike          Conj/Tloc      92%        3d10      1%          2
 Passwall                 Tmut/Erth      39%        N/A       1%          2
 Poisonous Vapours        Pois/Air       92%        N/A       1%          2
 Scorch                   Fire           92%        2d9       1%          2
 Sublimation of Blood     Necr           46%        N/A       1%          2
 Frozen Ramparts          Ice            92%        1d14      1%          3
 Hailstorm                Conj/Ice       46%        3d11      1%          3
 Ignite Poison            Fire/Tmut/Pois 46%        N/A       1%          3
 Lesser Beckoning         Tloc           92%        N/A       1%          3
 Spider Form              Tmut/Pois      47%        N/A       1%          3
 Stone Arrow              Conj/Erth      92%        3d12      1%          3
 Tukima's Dance           Hex            46%        N/A       1%          3
 Vampiric Draining        Necr           46%        2d9       1%          3
 Flame Wave               Conj/Fire      46%        2d12      1%          4
 Sticky Flame             Conj/Fire      46%        2d6       1%          4
 Summon Ice Beast         Ice/Summ       46%        N/A       1%          4
 Agony                    Necr           46%        N/A       1%          5
 Alistair's Intoxication  Tmut/Pois      31%        N/A       1%          5
 Iskenderun's Battlesphe  Conj           46%        2d10      1%          5
 Summon Mana Viper        Hex/Summ       46%        N/A       1%          5
 Enfeeble                 Hex            23%        N/A       36%         7
 Spellforged Servitor     Conj/Summ      23%        N/A       36%         7
 Summon Hydra             Summ           23%        N/A       36%         7
 Ignition                 Fire           23%        3d8       95%         8


Dungeon Overview and Level Annotations

Branches:
Dungeon (15/15)            Temple (1/1) D:4            Lair (5/5) D:11
  Swamp (0/4) Lair:2        Snake (1/4) Lair:3        Slime (0/5) Lair:4
    Orc (2/2) D:11            Elf (0/3) Orc:2        Vaults (0/5) D:13
 Depths (0/4) D:15

Altars:
Ashenzari
Cheibriados
Dithmenos
Fedhas
Gozag
Kikubaaqudgha
Makhleb
Nemelex Xobeh
Okawaru
Qazlal
Ru
Sif Muna
Trog
Uskayaw
Vehumet
Wu Jian
Xom
Yredelemnul
Zin
The Shining One
Jiyva

Shops:
D:7 :   D:10 (   D:11 [   D:15 *   Orc:2 =(!=

Portals:
Trove: D:14 (give +4 shadow dragon scales)

Annotations:
D:2 exclusion: 2 downstairs
Lair:4 1 runed translucent door
Orc:2 1 exclusion


Innate Abilities, Weirdness & Mutations

You are a creature of crystalline ice.
You have a powerful freezing melee attack.
You are amphibious.
Your maximum health is increased.
Your armour is entirely melded.
You are incapable of wielding weapons or throwing items.
((You have very sharp teeth.))
Your uncanny sense of smell can sniff out nearby items.
Your experience applies equally to all skills.


Message History

The naga warrior constricts you.
* * * LOW HITPOINT WARNING * * *
You feel much better. The naga warrior spits poison at you.
The splash of poison hits you but does no damage.
You resist. The naga warrior constricts you.
You draw a card...
You have drawn the Cloud.
Clouds appear around you!
The naga warrior hits you with a +0 battleaxe!
* * * LOW HITPOINT WARNING * * *
The naga warrior constricts you.
* * * LOW HITPOINT WARNING * * *
You draw a card...
You have drawn the Orb.
Press: ? - help, Shift-Dir - straight line, f - naga warrior
Aim: a naga warrior, wielding a +0 battleaxe and wearing a +0 robe (black smoke, constricting you, catching its breath)
The wavering orb of destruction weakly hits the naga warrior!
The naga warrior is moderately wounded.
The naga warrior hits you with a +0 battleaxe!!
* * * LOW HITPOINT WARNING * * *
The naga warrior constricts you.
* * * LOW HITPOINT WARNING * * *
You feel much better.
The naga warrior hits you with a +0 battleaxe!!
* * * LOW HITPOINT WARNING * * *
The naga warrior constricts you.
* * * LOW HITPOINT WARNING * * *
You feel much better.
The naga warrior hits you with a +0 battleaxe!!
* * * LOW HITPOINT WARNING * * *
The naga warrior constricts you.
* * * LOW HITPOINT WARNING * * *
You pummel the naga warrior!! You freeze the naga warrior!
The naga warrior is severely wounded.
The naga warrior barely misses you. The naga warrior constricts you.
* * * LOW HITPOINT WARNING * * *
You punch the naga warrior! You freeze the naga warrior.
The naga warrior is almost dead.
The naga warrior hits you with a +0 battleaxe!
You die...
Your body glows with a rainbow of weird colours and disappears.

......###..♣..##
#..###...... ......# #.....#
............. #.....#
####.##### #....#.#......
#.....#
##.#...##....##........
......#
##.........#............
...####
##.......................
#..#
#.....§.)......##........
..##
.......#§§§§####...........
..#
.....♣♣##§§Y§§.............#
.## .....
#§§N§§#######....... .#
..... #..§.§# #....... ##
.... .....§.# #...####. #
......... #..# #. #
..###....... .## #. . .
#........ #. ###..
.......... #. ....# #.


You could see a naga warrior.

Vanquished Creatures
  Snorg (Lair:5)
  An ettin (D:13)
  3 fire dragons
  7 hydras
  An ice dragon (D:15)
  3 boulder beetles
  A jorogumo (D:15)
  A catoblepas (Lair:5)
  2 ogre magi (Orc:2)
  3 centaur warriors
  5 two-headed ogres
  An anaconda (Snake:1)
  A death knight (D:12)
  2 tengu warriors
  2 death yaks (Lair:4)
  A naga sharpshooter (Snake:1)
  A deep troll earth mage (D:10)
  Urug (Lair:5)
  A deep troll (D:13)
  A swamp dragon (D:11)
  Pikel (D:6)
  A wizard (D:10)
  A mana viper (Snake:1)
  A deep elf pyromancer (D:8)
  An orc knight (Orc:1)
  A necromancer (D:13)
  5 orc sorcerers
  2 ugly things
  4 cyclopes
  2 oklob plants (D:11)
  3 naga magi (Snake:1)
  5 manticores
  14 elephants
  A torpor snail (Lair:3)
  A gargoyle (D:13)
  Joseph (D:9)
  6 black mambas
  Maggie (D:6)
  8 cane toads
  10 komodo dragons
  A kobold demonologist (D:8)
  2 rime drakes
  A meliai (D:15)
  5 trolls
  4 polar bears
  A raiju (shapeshifter) (D:10)
  A wind drake (shapeshifter) (D:13)
  Grinder (D:3)
  10 dream sheep
  A spectral dream sheep (Lair:2)
  9 blink frogs
  14 slime creatures
  A spectral black mamba (Lair:2)
  A water elemental (D:13)
  Sigmund (D:3)
  9 wraiths
  A dire elephant simulacrum (Snake:1)
  A wyvern (Lair:1)
  54 yaks
  A shadow (D:12)
  A golden eye (D:10)
  6 basilisks
  Menkaure (D:6)
  7 vampire mosquitoes
  3 steam dragons
  2 wargs
  A naga (Snake:1)
  Duvessa (D:5)
  10 water moccasins
  14 orc warriors
  A sky beast (Lair:2)
  A spectral blink frog (Lair:2)
  A meliai simulacrum (D:11)
  12 ice beasts
  An alligator simulacrum (Snake:1)
  18 wolves
  An ogre (Orc:2)
  10 centaurs
  A spectral rime drake (Lair:2)
  4 kobold brigands
  A deep troll simulacrum (Snake:1)
  A necrophage (D:8)
  A gnoll sergeant (D:10)
  7 bullfrogs
  16 wights
  Dowan (D:5)
  6 killer bees
  A lindwurm simulacrum (Snake:1)
  6 howler monkeys
  10 electric eels
  A lava snake (D:12)
  5 jellies
  12 orc priests
  5 hounds
  A gnoll bouda (Orc:1)
  Terence (D:3)
  4 iguanas
  28 orc wizards
  3 hell rats (Lair:5)
  Ijyb (D:5)
  6 centaur simulacra
  Robin (D:4)
  8 gnolls
  5 adders
  10 white imps
  4 ufetubi
  A worm (D:2)
  3 dart slugs
  59 orcs
  7 bats
  6 endoplasms
  2 giant cockroaches (D:4)
  11 hobgoblins
  10 jackals
  4 quokkas
  10 ball pythons
  2 frilled lizards (D:1)
  12 goblins
  10 kobolds
  3 rats
608 creatures vanquished.

Vanquished Creatures (collateral kills)
  An orc warlord (Orc:1)
  Nessos (D:12)
  A dire elephant (Lair:5)
  2 ettins (Orc:1)
  Josephine (Lair:5)
  2 ogre magi
  A hydra (D:14)
  A ghost crab (Lair:2)
  A catoblepas (Lair:5)
  An anaconda (Snake:1)
  2 centaur warriors
  2 boulder beetles
  A tengu warrior (D:13)
  4 death yaks
  An orc high priest (Orc:2)
  A deep troll shaman (Lair:5)
  2 naga sharpshooters (Snake:1)
  The ghost of lotum the Cleaver, a novice GrFi of Lugonu (D:9)
  A naga ritualist (Snake:1)
  A wizard (D:14)
  5 orc sorcerers (Orc:2)
  4 deep elf pyromancers
  A cyclops (D:12)
  A manticore (D:12)
  6 black mambas
  Maurice (D:12)
  A naga mage (Snake:1)
  A torpor snail (shapeshifter) (D:13)
  3 komodo dragons
  4 trolls
  2 polar bears
  2 meliai (D:15)
  3 blink frogs
  7 dream sheep
  6 slime creatures
  12 yaks
  3 wraiths (Lair:5)
  2 basilisks
  A naga (Snake:1)
  2 water moccasins
  11 orc warriors
  5 ogres
  16 wolves (Lair:5)
  A deep troll simulacrum (Snake:1)
  3 lindwurm simulacra (Snake:1)
  A lava snake (D:12)
  3 orc priests
  A jelly (D:9)
  13 orc wizards
  2 hell rats (Lair:5)
  28 orcs
179 creatures vanquished.

Vanquished Creatures (others)
  28 fungi
  45 plants
  12 snaplasher vines
85 creatures vanquished.

Grand Total: 872 creatures vanquished

Notes
Turn   | Place    | Note
-------+----------+-------------------------------------------
     0 | D:1      | themarg the Gnoll Transmuter began the quest for the Orb.
     0 | D:1      | Reached XP level 1. HP: 17/17 MP: 6/6
   189 | D:1      | Reached XP level 2. HP: 23/23 MP: 5/7
   199 | D:1      | Learned a level 2 spell: Wereblood
   586 | D:1      | Reached skill level 5 in Spellcasting
   586 | D:1      | Reached XP level 3. HP: 28/28 MP: 6/9
   877 | D:2      | Reached skill level 1 in Invocations
   961 | D:2      | Reached skill level 1 in Short Blades
   961 | D:2      | Reached skill level 1 in Long Blades
   961 | D:2      | Reached skill level 1 in Axes
   961 | D:2      | Reached skill level 1 in Maces & Flails
   961 | D:2      | Reached skill level 1 in Polearms
   961 | D:2      | Reached skill level 1 in Staves
   961 | D:2      | Reached skill level 1 in Ranged Weapons
   961 | D:2      | Reached skill level 1 in Throwing
   961 | D:2      | Reached skill level 1 in Armour
   961 | D:2      | Reached skill level 1 in Stealth
   961 | D:2      | Reached skill level 1 in Shields
   961 | D:2      | Reached skill level 1 in Evocations
  1236 | D:2      | Found a faded altar of an unknown god.
  1383 | D:3      | Noticed Grinder
  1428 | D:3      | Paralysed by Grinder for 3 turns
  1441 | D:3      | Killed Grinder
  1442 | D:3      | Reached skill level 1 in Conjurations
  1442 | D:3      | Reached skill level 1 in Hexes
  1442 | D:3      | Reached skill level 1 in Summonings
  1442 | D:3      | Reached skill level 1 in Necromancy
  1442 | D:3      | Reached skill level 1 in Translocations
  1442 | D:3      | Reached skill level 1 in Fire Magic
  1442 | D:3      | Reached skill level 1 in Ice Magic
  1442 | D:3      | Reached skill level 1 in Air Magic
  1442 | D:3      | Reached skill level 1 in Earth Magic
  1442 | D:3      | Reached skill level 1 in Poison Magic
  1442 | D:3      | Reached XP level 4. HP: 33/35 MP: 11/11
  1442 | D:3      | Reached XP level 5. HP: 39/41 MP: 12/12
  1442 | D:3      | Reached XP level 6. HP: 44/47 MP: 14/14
  1517 | D:3      | Learned a level 3 spell: Spider Form
  1607 | D:3      | Noticed Sigmund
  1616 | D:3      | Killed Sigmund
  1617 | D:3      | Reached skill level 5 in Dodging
  1686 | D:3      | Noticed Terence
  1705 | D:3      | Killed Terence
  1706 | D:3      | Reached XP level 7. HP: 52/52 MP: 13/15
  1715 | D:3      | Reached skill level 7 in Unarmed Combat
  2335 | D:4      | Noticed Robin
  2359 | D:4      | Killed Robin
  2781 | D:4      | Found a staircase to the Ecumenical Temple.
  2810 | Temple   | Entered the Ecumenical Temple
  2867 | Temple   | Became a worshipper of Nemelex Xobeh the Trickster
  3255 | D:5      | Entered Level 5 of the Dungeon
  3324 | D:5      | Reached XP level 8. HP: 43/60 MP: 13/16
  3653 | D:5      | Reached * piety under Nemelex Xobeh
  3668 | D:5      | Noticed Duvessa
  3696 | D:4      | Learned a level 4 spell: Ice Form
  3843 | D:5      | Noticed Dowan
  3857 | D:5      | Killed Dowan
  3899 | D:5      | Received a gift from Nemelex Xobeh
  3966 | D:5      | Noticed Ijyb
  3968 | D:5      | Found a shimmering altar of Xom.
  3973 | D:5      | Killed Ijyb
  4410 | D:5      | Reached skill level 5 in Transmutations
  4430 | D:5      | Found a snail-covered altar of Cheibriados.
  4639 | D:5      | Found a stormy altar of Qazlal.
  5094 | D:6      | Reached XP level 9. HP: 47/66 MP: 15/18
  5194 | D:6      | Noticed Pikel
  5205 | D:6      | Killed Pikel
  5206 | D:6      | Reached skill level 5 in Fighting
  5273 | D:6      | Noticed Menkaure
  5280 | D:6      | Killed Menkaure
  5375 | D:6      | Reached skill level 8 in Unarmed Combat
  5424 | D:6      | Reached skill level 5 in Invocations
  5472 | D:6      | Reached ** piety under Nemelex Xobeh
  5943 | D:6      | Noticed Maggie
  5959 | D:6      | Killed Maggie
  6189 | D:6      | Found a hide-covered altar of Uskayaw.
  6492 | D:6      | Found an opulent altar of Gozag.
  6713 | D:7      | Found Wontauss's Book Emporium.
  6853 | D:7      | Reached skill level 5 in Short Blades
  6853 | D:7      | Reached skill level 5 in Long Blades
  6853 | D:7      | Reached skill level 5 in Axes
  6853 | D:7      | Reached skill level 5 in Maces & Flails
  6853 | D:7      | Reached skill level 5 in Polearms
  6853 | D:7      | Reached skill level 5 in Staves
  6853 | D:7      | Reached skill level 5 in Ranged Weapons
  6853 | D:7      | Reached skill level 5 in Throwing
  6853 | D:7      | Reached skill level 5 in Armour
  6853 | D:7      | Reached skill level 5 in Stealth
  6853 | D:7      | Reached skill level 5 in Shields
  6853 | D:7      | Reached skill level 5 in Evocations
  6853 | D:7      | Reached XP level 10. HP: 76/76 MP: 20/20
  6935 | D:7      | Received a gift from Nemelex Xobeh
  7921 | D:8      | Learned a level 3 spell: Mephitic Cloud
  7953 | D:8      | Received a gift from Nemelex Xobeh
  7971 | D:8      | Noticed a deep elf pyromancer
  7975 | D:8      | Killed a deep elf pyromancer
  7990 | D:8      | Noticed a manticore
  8006 | D:8      | Killed a manticore
  8054 | D:8      | Noticed a manticore
  8061 | D:8      | Killed a manticore
  8299 | D:8      | Reached *** piety under Nemelex Xobeh
  8305 | D:8      | Got the Papyrus of Transmutation and the Sphinx
  8325 | D:8      | Noticed a kobold demonologist
  8334 | D:8      | Noticed a rust devil
  8334 | D:8      | Killed a kobold demonologist
  8464 | D:8      | Reached skill level 9 in Unarmed Combat
  8473 | D:8      | Found a shadowy altar of Dithmenos.
  8644 | D:8      | Reached skill level 5 in Conjurations
  8644 | D:8      | Reached skill level 5 in Hexes
  8644 | D:8      | Reached skill level 5 in Summonings
  8644 | D:8      | Reached skill level 5 in Necromancy
  8644 | D:8      | Reached skill level 5 in Translocations
  8644 | D:8      | Reached skill level 5 in Fire Magic
  8644 | D:8      | Reached skill level 5 in Ice Magic
  8644 | D:8      | Reached skill level 5 in Air Magic
  8644 | D:8      | Reached skill level 5 in Earth Magic
  8644 | D:8      | Reached skill level 5 in Poison Magic
  8664 | D:8      | Received a gift from Nemelex Xobeh
  8678 | D:8      | Reached XP level 11. HP: 69/83 MP: 20/22
  8962 | D:8      | Identified the +8 broad axe of Ysug {elec, Stlth+}
  8965 | D:8      | Identified the +1 plate armour of Kaic {rElec Stlth+}
  9396 | D:9      | Noticed a two-headed ogre
  9402 | D:9      | Killed a two-headed ogre
  9707 | D:9      | Found a broken altar of Ashenzari.
  9730 | D:9      | Noticed Joseph
  9750 | D:9      | Killed Joseph
 10035 | D:9      | Found a runed translucent gate.
 10035 | D:9      | Found a runed translucent gate.
 10036 | D:9      | Found a runed translucent gate.
 10036 | D:9      | Noticed lotum's ghost (novice GrFi)
 10038 | D:9      | Found a viscous altar of Jiyva.
 10218 | D:9      | Noticed a boulder beetle
 10238 | D:9      | Killed a boulder beetle
 10299 | D:9      | Noticed a cyclops
 10363 | D:9      | Killed a cyclops
 10628 | D:9      | Received a gift from Nemelex Xobeh
 10814 | D:10     | Entered Level 10 of the Dungeon
 10868 | D:10     | Noticed a wizard
 10875 | D:10     | Killed a wizard
 10881 | D:10     | Noticed a centaur warrior
 10886 | D:10     | Killed a centaur warrior
 11017 | D:10     | Noticed a deep troll earth mage
 11023 | D:10     | Noticed a cyclops
 11025 | D:10     | Killed a deep troll earth mage
 11026 | D:10     | Reached XP level 12. HP: 50/92 MP: 22/24
 11028 | D:10     | Noticed a two-headed ogre
 11037 | D:10     | a two-headed ogre changed into a swamp dragon
 11252 | D:10     | Found Ugilaski's Antique Weapon Shoppe.
 11289 | D:10     | Found a bloodstained altar of Trog.
 11307 | D:10     | Noticed an eight-headed hydra
 11319 | D:10     | Killed an eight-headed hydra
 11540 | D:10     | Found an iron altar of Okawaru.
 11558 | D:10     | Reached skill level 10 in Unarmed Combat
 11617 | D:10     | Identified the +1 leather armour "Xueloigot" {*Corrode
                  | rElec MP+9}
 11700 | D:10     | Noticed a fire dragon
 11710 | D:10     | Killed a fire dragon
 11710 | D:10     | Noticed a centaur warrior
 11713 | D:10     | HP: 3/92 [centaur warrior (4)]
 11717 | D:10     | Killed a centaur warrior
 12098 | D:10     | Found a shimmering blue altar of Sif Muna.
 12330 | D:11     | Reached **** piety under Nemelex Xobeh
 12752 | D:11     | Received a gift from Nemelex Xobeh
 12772 | D:11     | Found a staircase to the Orcish Mines.
 12775 | D:11     | Found Eloajax's Armour Emporium.
 12830 | D:11     | Bought a +0 helmet of see invisible for 172 gold pieces
 13471 | D:11     | Found a staircase to the Lair.
 13750 | D:11     | Noticed a two-headed ogre
 13788 | D:11     | a two-headed ogre changed into a swamp dragon
 14240 | Lair:1   | Entered Level 1 of the Lair of Beasts
 14347 | Lair:1   | Reached XP level 13. HP: 70/99 MP: 24/26
 14691 | Lair:1   | Received a gift from Nemelex Xobeh
 14909 | Lair:1   | Received a gift from Nemelex Xobeh
 15864 | Lair:2   | Received a gift from Nemelex Xobeh
 15999 | Lair:2   | Reached ***** piety under Nemelex Xobeh
 16089 | Lair:2   | Reached skill level 10 in Spellcasting
 16137 | Lair:2   | Noticed Sonja
 16156 | Lair:2   | Sonja changed into Sonja the sky beast
 16156 | Lair:2   | Noticed Sonja
 16161 | Lair:2   | Killed Sonja the sky beast
 17031 | Lair:2   | Reached skill level 10 in Dodging
 17031 | Lair:2   | Reached skill level 11 in Unarmed Combat
 17032 | Lair:2   | Found a staircase to the Swamp.
 17192 | Lair:2   | Learned a level 5 spell: Summon Forest
 17277 | Lair:3   | Received a gift from Nemelex Xobeh
 17940 | Lair:3   | Found a staircase to the Snake Pit.
 17954 | Lair:3   | Reached XP level 14. HP: 108/108 MP: 18/28
 17956 | Lair:3   | Reached skill level 10 in Invocations
 18162 | Lair:3   | Received a gift from Nemelex Xobeh
 18438 | Lair:3   | Identified the +3 leather armour of Giesusse {rElec MP+9
                  | Str-5 Dex+4}
 19807 | Lair:4   | Identified the +0 plate armour of Hefruar {*Slow rC++
                  | Stlth+}
 19811 | Lair:4   | Received a gift from Nemelex Xobeh
 19833 | Lair:4   | Found a bloodstained altar of Trog.
 19958 | Lair:4   | Found a runed translucent door.
 19960 | Lair:4   | Found a viscous altar of Jiyva.
 19963 | Lair:4   | Noticed an acid blob
 19969 | Lair:4   | Found a staircase to the Slime Pits.
 20289 | Lair:5   | Entered Level 5 of the Lair of Beasts
 20293 | Lair:5   | Noticed Snorg
 20304 | Lair:5   | Killed Snorg
 20331 | Lair:5   | Reached skill level 10 in Fighting
 20350 | Lair:5   | Noticed Urug
 20359 | Lair:5   | Killed Urug
 20936 | Lair:5   | Received a gift from Nemelex Xobeh
 21118 | Lair:5   | Noticed Josephine
 21134 | Lair:5   | Killed Josephine
 21365 | Lair:5   | Received a gift from Nemelex Xobeh
 21407 | Lair:5   | Reached skill level 10 in Short Blades
 21407 | Lair:5   | Reached skill level 10 in Long Blades
 21407 | Lair:5   | Reached skill level 10 in Axes
 21407 | Lair:5   | Reached skill level 10 in Maces & Flails
 21407 | Lair:5   | Reached skill level 10 in Polearms
 21407 | Lair:5   | Reached skill level 10 in Staves
 21407 | Lair:5   | Reached skill level 10 in Ranged Weapons
 21407 | Lair:5   | Reached skill level 10 in Throwing
 21407 | Lair:5   | Reached skill level 10 in Armour
 21407 | Lair:5   | Reached skill level 10 in Stealth
 21407 | Lair:5   | Reached skill level 10 in Shields
 21407 | Lair:5   | Reached skill level 10 in Evocations
 21937 | Lair:5   | Reached XP level 15. HP: 117/117 MP: 30/30
 21952 | Lair:5   | Reached skill level 12 in Unarmed Combat
 22498 | D:5      | Found a stormy altar of Qazlal.
 22822 | D:5      | Found a shimmering altar of Xom.
 22972 | D:5      | Found a snail-covered altar of Cheibriados.
 23330 | D:5      | Killed Duvessa
 23543 | D:12     | Received a gift from Nemelex Xobeh
 23557 | Orc:1    | Entered Level 1 of the Orcish Mines
 23709 | Orc:1    | Noticed an orc warlord
 23720 | Orc:1    | Killed an orc warlord
 23871 | Orc:1    | You fall into a shaft and drop 1 floor!
 23871 | Orc:2    | Entered Level 2 of the Orcish Mines
 24351 | Orc:2    | Received a gift from Nemelex Xobeh
 24410 | Orc:2    | Found a staircase to the Elven Halls.
 24798 | Orc:1    | Received a gift from Nemelex Xobeh
 24855 | Orc:1    | Paralysed by an orc sorcerer for 2 turns
 25138 | Orc:2    | Reached ****** piety under Nemelex Xobeh
 25475 | Orc:2    | Found Heucer's Distillery.
 25517 | Orc:2    | Found Faukh's Jewellery Emporium.
 25535 | Orc:2    | Paralysed by an orc sorcerer for 3 turns
 25575 | Orc:2    | Found a radiant altar of Vehumet.
 25580 | Orc:2    | Identified the +0 long sword "Giuboukk" {freeze, rElec
                  | Will- Dex+3}
 25712 | Orc:2    | Found Kibeoro's Antique Weapon Emporium.
 25760 | Orc:2    | Found Gypedeis's Jewellery Emporium.
 25787 | Orc:2    | Found an ancient bone altar of Kikubaaqudgha.
 25896 | Orc:2    | Bought a potion of cancellation for 80 gold pieces
 25896 | Orc:2    | Bought a potion of mutation for 80 gold pieces
 25896 | Orc:2    | Bought a potion of flight for 30 gold pieces
 25896 | Orc:2    | Bought a potion of haste for 100 gold pieces
 25896 | Orc:2    | Bought a potion of magic for 80 gold pieces
 25896 | Orc:2    | Bought a potion of degeneration for 10 gold pieces
 26091 | Orc:2    | Bought the amulet of Cheibriados's Envy {Faith rCorr
                  | Stlth+} for 941 gold pieces
 26253 | D:9      | Killed lotum's ghost
 26505 | D:12     | Noticed Nessos
 26508 | D:12     | Received a gift from Nemelex Xobeh
 26514 | D:12     | Killed Nessos
 26954 | D:12     | Noticed Maurice
 26962 | D:12     | Killed Maurice
 27151 | D:12     | You fall into a shaft and drop 2 floors!
 27153 | D:14     | Identified a scroll of acquirement
 27158 | D:14     | Received a gift from Nemelex Xobeh
 27553 | D:12     | Received a gift from Nemelex Xobeh
 27566 | D:12     | Reached skill level 10 in Transmutations
 27888 | D:13     | Reached XP level 16. HP: 125/125 MP: 22/32
 27943 | D:13     | Identified the +1 robe "Rasaaxij" {Dex+2}
 28069 | D:13     | Acquired 601 gold pieces
 28668 | D:13     | Found a gate to the Vaults.
 29238 | D:14     | Received a gift from Nemelex Xobeh
 29336 | D:14     | Found a portal to a secret trove of treasure.
 29571 | D:14     | Found a stormy altar of Qazlal.
 29743 | D:15     | Entered Level 15 of the Dungeon
 29936 | D:15     | Received a gift from Nemelex Xobeh
 30220 | D:15     | Found Hoetz's Demolitions Depot.
 30223 | D:15     | Received a gift from Nemelex Xobeh
 30273 | D:15     | Found a sacrificial altar of Ru.
 30578 | D:15     | Found a staircase to the Depths.
 30690 | D:15     | Bought a book of Power for 630 gold pieces
 30932 | Snake:1  | Entered Level 1 of the Snake Pit
 30970 | Snake:1  | Reached skill level 13 in Unarmed Combat
 31272 | Snake:1  | Received a gift from Nemelex Xobeh
 31869 | Snake:1  | Learned a level 5 spell: Yara's Violent Unravelling
 31876 | Snake:1  | Learned a level 6 spell: Summon Cactus Giant
 31883 | Snake:1  | Learned a level 6 spell: Iron Shot
 31963 | Snake:1  | Slain by a naga warrior

Illustrated notes

Levels and vault maps discovered:
D:1:      ncdulo_watergridlock, layout_basic
D:2:      layout_rooms, hellmonk_ecumenical_altar_leap_of_faith
D:3:      layout_rooms, uniq_sigmund, uniq_grinder, uniq_terence
D:4:      minmay_chambers_of_twos, layout_cave_pools,
          minmay_temple_entry_offerings, guppyfry_early_orc_mine, uniq_robin
D:5:      layout_layer_cave, nicolae_qazlal_general_emergency,
          mainiacjoe_overflow_small_starburst, mainiacjoe_overflow_alcove_4,
          uniq_duvessa, uniq_ijyb
D:6:      layout_layer_cave, old_standard_altar, mainiacjoe_overflow_alcove_1,
          nicolae_overflow_hidden_temple, grunt_ministairs_12,
          dreamdust_princess_corridor, hangedman_decor_growths, uniq_maggie,
          uniq_menkaure, uniq_pikel
D:7:      layout_basic, serial_shops, nicolae_lakefront_shop
D:8:      layout_cave_pools, grunt_dithmenos_smoke_and_mirrors, st_stairs_6,
          minmay_the_grid_2x2 [minmay_the_grid_plusring,
          minmay_the_grid_holed_spiral, minmay_the_grid_gridbox,
          minmay_the_grid_prize_trominoes]
D:9:      layout_loops_cross, cheibrodos_ashenzari_chains, gammafunk_ghost_ooze,
          serial_ice, serial_ice_l, serial_ice_e, serial_ice_d, serial_ice_f,
          minmay_three_doors, uniq_joseph
D:10:     minmay_chopped_fan, layout_cave_pools, mainiacjoe_overflow_paths,
          tgw_sif, mainiacjoe_overflow_cross_hatched, serial_shops,
          nicolae_shop_stone
D:11:     layout_basic, dpeg_oklobed_lair, orc_david_3, serial_ice,
          serial_ice_b, serial_ice_n, serial_ice_i, serial_ice_m, serial_ice_h,
          serial_ice_o
D:12:     minmay_ambush_box, layout_stronghold, grunt_decor_junction,
          uniq_nessos, uniq_maurice
D:13:     layout_basic, david_vaults_4, kennysheep_island_fort
D:14:     layout_rooms, lemuel_coloured_pillars_altar,
          nicolae_trove_entry_crossroad
D:15:     grunt_enter_depths_hoard, layout_long_grid, nicolae_blasting_shop,
          nicolae_ru_the_path_less_chosen
Temple:   eino_wide_crystal_templ
Lair:1:   layout_gridlike, dpeg_stationary_puzzle, serial_bayou_shore_b
Lair:2:   layout_hall_layers, nicolae_swamp_entry_spooky, grunt_megastairs_4,
          uniq_sonja
Lair:3:   layout_layer_cave, minmay_snake_entry_six_corridors
Lair:4:   layout_regular_city, slime_entry_2, basic_altar, serial_bayou_shore_b,
          grunt_megastairs_2
Lair:5:   grunt_lair_end_beastmaster, layout_hall_layers,
          grunt_forest_large_clearings, lemuel_fruit_fields, uniq_urug,
          uniq_snorg, uniq_josephine
Snake:1:  layout_chambers, portal_ice_cave_entry_ice_simulacra
Orc:1:    layout_diamond_mine
Orc:2:    kennysheep_orc_mage_school, layout_caves, basic_altar

Skill      XL: |  1  2  3  4  5  6  7  8  9 10 11 12 13 14 15 16 |
---------------+-------------------------------------------------+-----
Spellcasting   | 5 6 7 8 9 10 11 12 | 12.4
Invocations    | 2 3 4 5 6 7 8 9 10 11 12 | 12.4
Short Blades   | 1 2 3 5 6 7 8 9 10 11 | 11.4
Long Blades    | 1 2 3 5 6 7 8 9 10 11 | 11.4
Axes           | 1 2 3 5 6 7 8 9 10 11 | 11.4
Maces & Flails | 1 2 3 5 6 7 8 9 10 11 | 11.4
Polearms       | 1 2 3 5 6 7 8 9 10 11 | 11.4
Staves         | 1 2 3 5 6 7 8 9 10 11 | 11.4
Ranged Weapons | 1 2 3 5 6 7 8 9 10 11 | 11.4
Throwing       | 1 2 3 5 6 7 8 9 10 11 | 11.4
Armour         | 1 2 3 5 6 7 8 9 10 11 | 11.4
Stealth        | 1 2 3 5 6 7 8 9 10 11 | 11.4
Shields        | 1 2 3 5 6 7 8 9 10 11 | 11.4
Evocations     | 1 2 3 5 6 7 8 9 10 11 | 11.4
Fighting       | 3 4 5 6 7 8 9 10 11 | 11.7
Conjurations   | 1 2 3 4 5 6 7 8 9 |  9.6
Hexes          | 1 2 3 4 5 6 7 8 9 |  9.6
Summonings     | 1 2 3 4 5 6 7 8 9 |  9.6
Necromancy     | 1 2 3 4 5 6 7 8 9 |  9.6
Translocations | 1 2 3 4 5 6 7 8 9 |  9.6
Transmutations | 4 5 6 7 8 9 10 | 10.4
Fire Magic     | 1 2 3 4 5 6 7 8 9 |  9.6
Ice Magic      | 1 2 3 4 5 6 7 8 9 |  9.6
Air Magic      | 1 2 3 4 5 6 7 8 9 |  9.6
Earth Magic    | 1 2 3 4 5 6 7 8 9 |  9.6
Poison Magic   | 1 2 3 4 5 6 7 8 9 |  9.6
Dodging        | 5 6 7 8 9 10 11 12 | 12.3
Unarmed Combat | 7 8 9 10 11 12 13 | 13.1

Action                   |  1- 3 |  4- 6 |  7- 9 | 10-12 | 13-15 | 16-18 || total
-------------------------+-------+-------+-------+-------+-------+-------++-------
Melee: Unarmed           |    76 |    27 |   247 |   469 |   584 |   122 ||  1525
       Kick              |    13 |       |       |       |     1 |       ||    14
       Headbutt          |    11 |       |       |       |       |       ||    11
       Bite              |     3 |       |       |     2 |    10 |    11 ||    26
       Punch             |     3 |       |       |       |     4 |     8 ||    15
       Broad axe         |       |       |       |     4 |    71 |    56 ||   131
Throw: Dart              |       |       |       |     9 |       |       ||     9
 Cast: Beastly Appendage |    21 |       |     1 |     1 |     1 |       ||    24
       Wereblood         |     3 |       |    10 |    18 |     3 |       ||    34
       Spider Form       |       |     4 |    26 |     4 |       |       ||    34
       Ice Form          |       |       |    16 |    47 |    73 |    19 ||   155
       Mephitic Cloud    |       |       |       |     4 |    19 |     4 ||    27
       Summon Forest     |       |       |       |       |    65 |    15 ||    80
       Summon Cactus Gia |       |       |       |       |       |     2 ||     2
Invok: Draw Destruction  |       |       |       |    19 |    18 |    13 ||    50
       Triple Draw       |       |       |       |     1 |     2 |     1 ||     4
       Draw Escape       |       |       |       |     2 |       |     1 ||     3
       Draw Summoning    |       |       |       |       |    16 |     6 ||    22
Evoke: Phial of floods   |       |       |       |       |     1 |       ||     1
  Use: Potion            |     1 |       |     1 |     4 |     2 |     3 ||    11
       Scroll            |       |       |     5 |     7 |    14 |     3 ||    29
 Stab: Sleeping          |     2 |       |     6 |     3 |     2 |     4 ||    17
       Distracted        |       |       |       |     1 |    11 |     4 ||    16
       Confused          |       |       |       |     5 |     9 |     3 ||    17
       Petrifying        |       |       |       |       |     2 |       ||     2
       Petrified         |       |       |       |       |     1 |     1 ||     2
Armor: Robe              |     9 |     1 |       |       |       |       ||    10
       Skin              |     8 |     1 |    33 |   129 |   121 |    27 ||   319
       Steam dragon scal |       |       |       |     3 |     2 |       ||     5
       Troll leather arm |       |       |       |       |    37 |    25 ||    62
Dodge: Dodged            |    38 |    29 |   188 |   272 |   399 |   104 ||  1030

Table legend: (Time is in decaauts)
 A = Elapsed time spent in this place.
 B = Non-inter-level travel time spent in this place.
 C = Inter-level travel time spent in this place.
 D = Time resting spent in this place.
 E = Time spent auto-exploring this place.
 F = Levels seen in this place.
 G = Mean time per level.
                   A        B        C        D        E       F      G
               +--------+--------+--------+--------+--------+-----+--------+
         Total |  31726 |  30201 |   1525 |   2588 |  22251 |  24 | 1321.9 |
       Dungeon |  20089 |  18985 |   1104 |   2091 |  13720 |  15 | 1339.3 |
        Temple |     72 |     58 |     14 |      0 |     43 |   1 |   72.0 |
          Lair |   7947 |   7682 |    265 |    297 |   6208 |   5 | 1589.4 |
     Snake Pit |   1019 |   1019 |      0 |     20 |    825 |   1 | 1019.0 |
  Orcish Mines |   2597 |   2456 |    141 |    180 |   1454 |   2 | 1298.5 |
               +--------+--------+--------+--------+--------+-----+--------+

Top non-repeatable levels by time:
     D:5: 2686 daAuts
    D:11: 2073 daAuts
     D:9: 1993 daAuts
  Lair:3: 1936 daAuts
  Lair:2: 1921 daAuts
     D:6: 1831 daAuts
   Orc:2: 1760 daAuts
  Lair:5: 1701 daAuts
    D:12: 1402 daAuts
    D:13: 1390 daAuts
     D:8: 1340 daAuts
     D:7: 1252 daAuts
  Lair:4: 1248 daAuts
    D:10: 1206 daAuts
  Lair:1: 1140 daAuts
